 Dungeon Crawl Stone Soup version 0.25-a0-972-g74ed164fb1 (webtiles) character file.

Game seed: 17530702503653587449, levelgen mode: deterministic

26 FrogZ the Ducker (level 2, 0/14 HPs)
             Began as a Felid Berserker on May 9, 2020.
             Was a Follower of Trog.
             Slain by a worm (6 damage)
             ... on level 2 of the Dungeon.
             The game lasted 00:01:31 (787 turns).

FrogZ the Ducker (Felid Berserker)                   Turns: 787, Time: 00:01:31

Health: 0/14       AC:  1    Str: 13    XL:     2   Next: 89%
Magic:  3/3        EV: 19    Int:  8    God:    Trog [*.....]
Gold:   19         SH:  0    Dex: 15    Spells: 1/1 levels left
                                        Lives:  0   Deaths: 0

rFire    . . .     SeeInvis +     - Unarmed
rCold    . . .     Gourm    .   (shield unavailable)
rNeg     . . .     Faith    .   (armour unavailable)
rPois    .         Spirit   .   (helmet unavailable)
rElec    .         Reflect  .   (cloak unavailable)
rCorr    .         Harm     .   (gloves unavailable)
MR       .....                  (boots unavailable)
Stlth    ++........             (no amulet)
HPRegen  0.04/turn              (no ring)
MPRegen  0.08/turn              (no ring)

@: lethally poisoned (0 -> -6), lightly drained, quick
A: very small, no armour, no weapons or thrown items, stealth, claws 1, fangs 3,
see invisible, carnivore, speed 1, shaggy fur 1, slow metabolism 1, sharp paws
a: Berserk, Renounce Religion


You were on level 2 of the Dungeon.
You worshipped Trog.
Trog was aware of your devotion.
You were completely stuffed.

You visited 1 branch of the dungeon, and saw 2 of its levels.

You collected 19 gold pieces.

Inventory:

Jewellery
 g - a cursed -3 ring of slaying {unknown}
Scrolls
 d - a scroll of immolation {unknown}
 f - a scroll of fear {unknown}
 h - a scroll of blinking {unknown}
Potions
 b - a potion of heal wounds {unknown}
 c - a potion of curing {unknown}
 e - a potion of magic {unknown}
 i - a potion of brilliance {unknown}
Comestibles
 a - 2 rations


   Skills:
 + Level 3.3(3.2) Fighting
 + Level 4.4(4.3) Dodging
 * Level 3.6(3.5) Unarmed Combat


You had one spell level left.
You didn't know any spells.
Your spell library was empty.

Dungeon Overview and Level Annotations

Branches:
Dungeon (2/15)

Altars:


Innate Abilities, Weirdness & Mutations

You cannot wear armour.
You are incapable of wielding weapons or throwing items.
Your paws allow you to move quietly. (Stealth)
You have sharp claws.
You have razor-sharp teeth.
You have supernaturally acute eyesight. (SInv)
You are carnivorous and can eat meat at any time.
You cover ground quickly.
You are covered in fur. (AC +1)
You have a slow metabolism.
Your sharp claws are effective at attacking unaware monsters.


Message History

The adder is severely wounded.
The adder barely misses you.
You miss the adder. Your bite misses the adder.
The adder is severely wounded.
The adder bites you.
You claw the adder!
You kill the adder!
Trog accepts your kill.
You scratch the hobgoblin.
You kill the hobgoblin!
Trog accepts your kill.
You feel sick. The worm bites you.
Found 19 sling bullets, 13 gold pieces and a scroll labeled EFUWOH GU SEUTH.
You are too injured to fight recklessly!
You are too injured to fight recklessly!
You are too injured to fight recklessly!
You are too injured to fight recklessly!
You scratch the worm but do no damage. The worm bites you.
You die...

# ... .#.# .##.##.#.#.
.......... #....#.#
########......#
#..........#####
###.######........
(#.####.............####
......w@)...............
......#†##.########.####
......... ... #.#..)
.......#.#.##.# #....)
....... .... # #..<##
?...... .$.. #...#
....... ... #.#.# ......
.... #.#.## #.#..#


You could see a worm.

Vanquished Creatures
  An adder (D:2)
  A dart slug (D:1)
  A leopard gecko (D:2)
  A giant cockroach (D:2)
  A goblin (D:1)
  3 hobgoblins
  2 bats (D:1)
  3 kobolds (D:2)
  A rat (D:1)
14 creatures vanquished.

Notes
Turn   | Place    | Note
-------+----------+-------------------------------------------
     0 | D:1      | FrogZ the Felid Berserker began the quest for the Orb.
     0 | D:1      | Reached XP level 1. HP: 10/10 MP: 2/2
   408 | D:1      | Reached XP level 2. HP: 14/14 MP: 3/3
   787 | D:2      | Slain by a worm

Illustrated notes

Levels and vault maps discovered:
D:1:      wander_arrival_desolate, layout_basic
D:2:      layout_basic, first_ration

Action                   || total
-------------------------++-------
Melee: Unarmed           ||    40
       Bite              ||     1
 Stab: Sleeping          ||     2
  Eat: Chunk             ||     7
Dodge: Dodged            ||    37

Table legend:
 A = Non-vault XP
 B = Vault XP
 C = Vault XP percentage of total XP
 D = Non-vault monster count
 E = Vault monster count
 F = Vault count percentage of total count
                 A         B        C        D         E       F
            +---------+---------+-------+---------+---------+-------
      Total |      38 |       0 |   0.0 |      14 |       0 |   0.0
            +---------+---------+-------+---------+---------+-------
        D:1 |      14 |       0 |   0.0 |       7 |       0 |   0.0
        D:2 |      24 |       0 |   0.0 |       7 |       0 |   0.0
            +---------+---------+-------+---------+---------+-------
